AoeStats
← bone app the teeth

MegaRandom

506045491Analyzed
2v2 RM · 20d ago on Sep 12, 2026· 55m 9s· 4 players
Game mode
Random Map
Map size
Medium (4 player)
Population
200
Speed
Normal
Resources
Standard
Victory
Conquest
Starting age
Dark Age
Ending age
Imperial Age
RankedLock teamsTeams togetherTeam positionsShared explorationLock speedFull tech treeHidden civsTurbo modeCheats
Victory
Defeat
🇺🇸 Tatars · United States
1050
+16
🇺🇸 Gurjaras · United States
1046
+16
🇨🇷 Mapuche · Costa Rica
1058
-16
🇨🇷 Persians · Costa Rica
1039
-16
Aluerad
5:36 Loom
11:45 Feudal Age
12:13 Double-Bit Axe
19:00 Castle Age
18:07 Bloodlines
21:01 Husbandry
21:09 Scale Barding Armor
21:14 Forging
20:51 Horse Collar
21:24 Bow Saw
26:04 Wheelbarrow
27:30 Iron Casting
27:28 Heavy Plow
28:47 Hand Cart
29:05 Gold Mining
30:42 Chain Barding Armor
32:36 Kshatriyas
36:47 Imperial Age
34:44 Caravan
35:07 Town Watch
35:34 Fletching
38:55 Plate Barding Armor
37:57 Heavy Camel Rider
39:18 Frontier Guards
39:26 Conscription
39:09 Bodkin Arrow
39:49 Crop Rotation
40:22 Elite Shrivamsha Rider
47:46 Town Patrol
bone app the teeth
8:53 Loom
11:31 Feudal Age
11:57 Double-Bit Axe
11:53 Horse Collar
18:12 Castle Age
16:37 Scale Barding Armor
17:29 Forging
18:47 Bloodlines
23:58 Fletching
25:28 Husbandry
26:14 Padded Archer Armor
29:25 Ballistics
30:08 Leather Archer Armor
32:30 Wheelbarrow
34:58 Bow Saw
35:34 Heavy Plow
36:38 Bodkin Arrow
37:09 Caravan
39:07 Hand Cart
38:54 Silk Armor
39:43 Chain Barding Armor
39:58 Iron Casting
39:44 Town Watch
41:04 Iron Casting
45:12 Imperial Age
42:30 Light Cavalry
45:30 Gold Mining
45:31 Stone Mining
46:46 Plate Barding Armor
46:49 Bracer
47:46 Conscription
49:18 Blast Furnace
49:27 Chemistry
49:27 Timurid Siegecraft
50:04 Gold Shaft Mining
50:26 Ring Archer Armor
50:42 Masonry
50:16 Elite Steppe Lancer
50:45 Heavy Camel Rider
53:53 Crop Rotation
53:38 Hussar
55:47 Devotion
AndymaCR23
12:53 Feudal Age
18:37 Castle Age
21:33 Pikeman
25:23 Forging
27:56 Elite Skirmisher
30:13 Ballistics
30:41 Fletching
34:29 Bodkin Arrow
34:35 Padded Archer Armor
35:05 Horse Collar
35:11 Double-Bit Axe
36:23 Leather Archer Armor
44:11 Imperial Age
43:53 Wheelbarrow
45:54 Hand Cart
47:38 Bow Saw
47:30 Heavy Plow
48:05 Halberdier
Markuilas
5:59 Loom
11:53 Feudal Age
15:14 Fishing Lines
18:29 Bloodlines
23:25 Castle Age
24:21 Double-Bit Axe
26:38 Kamandaran
26:58 Horse Collar
27:32 Bow Saw
27:20 Crossbowman
29:48 Wheelbarrow
29:01 Town Watch
32:09 Thumb Ring
33:31 Hand Cart
33:21 Town Patrol
35:02 Gillnets
35:05 Gold Mining
37:53 Imperial Age
37:48 Gold Shaft Mining
37:34 Padded Archer Armor
37:25 Fletching
38:01 Ballistics
37:37 Murder Holes
37:54 Scale Barding Armor
37:59 Forging
39:26 Conscription
39:29 Leather Archer Armor
39:09 Bodkin Arrow
40:56 Two-Man Saw
40:05 Husbandry
39:28 Heavy Camel Rider
41:58 Ring Archer Armor
45:57 Hoardings
44:49 Light Cavalry
46:14 Chain Barding Armor
46:30 Iron Casting
47:03 Hussar
47:05 Cavalier
50:19 Chemistry
53:52 Plate Barding Armor
54:18 Blast Furnace
Connection lost

Rejoining the realm…

Still unreachable

The connection could not be restored.

Session expired

The server has moved on; the page needs a fresh start.